 Dungeon Crawl Stone Soup version 0.23.2-40-g277498a001 (webtiles) character file.

Game seed: 1658247390953924752

1455 Emblim88 the Ruffian (level 8, 0/79 HPs)
             Began as a Troll Berserker on Oct 18, 2019.
             Was an Elder of Trog.
             Slain by Duvessa
             ... wielding a +0 short sword
              (5 damage)
             ... on level 5 of the Dungeon.
             The game lasted 00:07:06 (3219 turns).

Emblim88 the Ruffian (Troll Berserker)              Turns: 3219, Time: 00:07:06

Health: 0/79       AC:  6    Str: 28    XL:     8   Next: 47%
Magic:  8/8        EV: 11    Int: 11    God:    Trog [****..]
Gold:   30         SH:  0    Dex: 11    Spells: 7/7 levels left

rFire    . . .     SeeInvis .   w - +3 long sword of Qiewn {slice, Fragile Int+8} (curse)
rCold    . . .     Gourm    +   (no shield)
rNeg     . . .     Faith    .   a - +0 animal skin
rPois    .         Spirit   .   (helmet restricted)
rElec    .         Reflect  .   (no cloak)
rCorr    +         Harm     .   (gloves unavailable)
MR       .....                  (boots unavailable)
Stlth    +.........             (no amulet)
HPRegen  0.63/turn              v - ring of resist corrosion
MPRegen  0.11/turn              q - +2 ring of dexterity

@: berserk cooldown, flying, slowed, glowing, very slow
A: large, unfitting armour, claws 3, fast metabolism 3, gourmand, regeneration
1, shaggy fur 1, tough skin 3
a: Berserk, Trog's Hand, Brothers in Arms, Renounce Religion


You were on level 5 of the Dungeon.
You worshipped Trog.
Trog was greatly pleased with you.
You were not hungry.

You visited 1 branch of the dungeon, and saw 5 of its levels.

You collected 234 gold pieces.
You spent 204 gold pieces at shops.

Inventory:

Hand Weapons
 w - the cursed +3 long sword of Qiewn (weapon) {slice, Fragile Int+8}
   (You bought it in a shop on level 4 of the Dungeon)

   It inflicts extra damage upon your enemies.
   It affects your intelligence (+8).
   It will be destroyed if unequipped.
   It has a curse placed upon it.
Armour
 a - a +0 animal skin (worn)
Jewellery
 g - a +4 ring of intelligence
 q - a +2 ring of dexterity (right claw)
 s - an uncursed ring of fire
 v - a ring of resist corrosion (left claw)
Wands
 l - a wand of digging (5)
Scrolls
 c - 6 scrolls of identify {unknown}
 d - 5 scrolls of remove curse {unknown}
 e - 2 scrolls of fog {unknown}
 f - 3 scrolls of magic mapping {unknown}
 h - a scroll of immolation {unknown}
 k - a scroll of random uselessness {unknown}
 o - a scroll of enchant weapon {unknown}
 p - a scroll of fear {unknown}
 t - 2 scrolls of teleportation {unknown}
 u - a scroll of enchant armour {unknown}
 x - a scroll of blinking {unknown}
Potions
 i - a potion of brilliance {unknown}
 j - a potion of agility {unknown}
 m - a potion of haste {unknown}
 n - a potion of heal wounds {unknown}
 r - 2 potions of flight
 z - a potion of berserk rage {unknown}
Comestibles
 b - 2 rations


   Skills:
 + Level 4.7 Fighting
 + Level 4.7 Dodging
 * Level 7.6 Unarmed Combat
 + Level 2.6 Evocations


You had 7 spell levels left.
You didn't know any spells.
Your spell library was empty.

Dungeon Overview and Level Annotations

Branches:
Dungeon (5/15)
 Temple: D:4-7

Altars:
Ashenzari
Kikubaaqudgha
Trog

Shops:
D:4 *

Annotations:
D:5 Dowan, Duvessa


Innate Abilities, Weirdness & Mutations

You are too large for most types of armour.
You have claws for hands.
Your metabolism is lightning-fast.
You like to eat raw meat.
Your natural rate of healing is unusually fast.
You are covered in fur. (AC +1)
You have extremely tough skin. (AC +3)


Message History

Duvessa is lightly wounded.
The jackal bites you.
* * * LOW HITPOINT WARNING * * *
Dowan gestures at you while chanting.
You are outlined in light.
Duvessa hits you with a +0 short sword.
* * * LOW HITPOINT WARNING * * *
The jackal bites you.
* * * LOW HITPOINT WARNING * * *
Dowan hits you with a +0 dagger.
* * * LOW HITPOINT WARNING * * *
Duvessa barely misses you.
You riposte.
You completely miss Duvessa.
Duvessa is lightly wounded.
The jackal closely misses you. Dowan hits you with a +0 dagger.
* * * LOW HITPOINT WARNING * * *
It was a potion of flight.
You feel very buoyant.
You fly up into the air.
Duvessa yells, "You can run, but you cannot escape us forever!"
Duvessa hits you with a +0 short sword.
You die...

##. # ..< ## ##.
#.#
...###..##..#
#.....#...
##....he.#
.....ae@.#
.#######.# ..
#.# # #.####.##
.# .
#.......###.#.#
####.....#......
..##.....^<..#..
#...............
#........##.####


You could see Duvessa, Dowan, a worker ant and a jackal.

Vanquished Creatures
  Grinder (D:5)
  Menkaure (D:4)
  A phantom (D:4)
  2 eyes of draining (D:3)
  An ogre (D:5)
  3 vampire bats (D:4)
  A bullfrog zombie (D:5)
  A hound (D:4)
  A bullfrog skeleton (D:4)
  An orc priest (D:4)
  3 iguanas (D:4)
  5 orc wizards
  A worker ant (D:4)
  2 hound skeletons (D:4)
  9 gnolls
  7 adders
  A river rat (D:4)
  An ooze (D:3)
  An adder skeleton (D:4)
  5 worms
  3 dart slugs
  5 leopard geckos (D:4)
  12 orcs
  3 ball pythons
  4 bat skeletons (D:4)
  3 bat zombies (D:4)
  2 giant cockroaches
  5 goblins
  5 hobgoblins
  A jackal (D:5)
  A quokka (D:2)
  6 bats
  6 frilled lizards
  5 kobolds
  7 rats
116 creatures vanquished.

Notes
Turn   | Place    | Note
-------+----------+-------------------------------------------
     0 | D:1      | Emblim88 the Troll Berserker began the quest for the Orb.
     0 | D:1      | Reached XP level 1. HP: 22/22 MP: 0/0
   269 | D:1      | Reached XP level 2. HP: 29/29 MP: 1/1
   739 | D:2      | Found a faded altar of an unknown god.
   746 | D:2      | Reached XP level 3. HP: 28/36 MP: 2/2
   747 | D:2      | Reached ** piety under Trog
   844 | D:2      | Found a bloodstained altar of Trog.
   887 | D:2      | Reached skill level 4 in Unarmed Combat
   964 | D:2      | Reached XP level 4. HP: 40/44 MP: 3/3
  1433 | D:3      | Found a bloodstained altar of Trog.
  1433 | D:3      | Noticed an eye of draining
  1434 | D:3      | Noticed an eye of draining
  1446 | D:3      | Killed an eye of draining
  1446 | D:3      | Reached skill level 5 in Unarmed Combat
  1446 | D:3      | Reached XP level 5. HP: 39/53 MP: 0/4
  1450 | D:3      | Killed an eye of draining
  1450 | D:3      | Reached XP level 6. HP: 57/61 MP: 0/5
  2015 | D:4      | Noticed Menkaure
  2026 | D:4      | Killed Menkaure
  2124 | D:4      | Reached *** piety under Trog
  2124 | D:4      | Reached skill level 6 in Unarmed Combat
  2124 | D:4      | Reached skill level 1 in Evocations
  2124 | D:4      | Reached XP level 7. HP: 52/68 MP: 6/6
  2298 | D:4      | Found a shattered altar of Ashenzari.
  2439 | D:4      | Found an ancient bone altar of Kikubaaqudgha.
  2491 | D:4      | Found Woazelyu's Assorted Antiques.
  2494 | D:4      | Bought a crystal long sword for 204 gold pieces
  2494 | D:4      | Identified the cursed +3 long sword of Qiewn {slice,
                  | Fragile Int+8} (You bought it in a shop on level 4 of the
                  | Dungeon)
  2841 | D:4      | Reached XP level 8. HP: 62/79 MP: 8/8
  2979 | D:4      | Reached skill level 7 in Unarmed Combat
  3105 | D:5      | Entered Level 5 of the Dungeon
  3107 | D:5      | Reached **** piety under Trog
  3188 | D:5      | Noticed Grinder
  3195 | D:5      | Killed Grinder
  3212 | D:5      | Noticed Duvessa
  3213 | D:5      | Noticed Dowan
  3219 | D:5      | Slain by Duvessa

Skill      XL: |  1  2  3  4  5  6  7  8 |
---------------+-------------------------+-----
Unarmed Combat | 4 5 6 7 |  7.6
Fighting       | 3 4 |  4.7
Dodging        | 3 4 |  4.7
Evocations     | 1 2 |  2.6

Action                   |  1- 3 |  4- 6 |  7- 9 || total
-------------------------+-------+-------+-------++-------
Melee: Unarmed           |   109 |    94 |    71 ||   274
       Punch             |       |     3 |     3 ||     6
       Long sword        |       |       |    49 ||    49
Invok: Berserk           |       |     3 |     2 ||     5
  Use: Potion            |       |       |     1 ||     1
 Stab: Sleeping          |       |     1 |     1 ||     2
  Eat: Chunk             |     9 |     8 |     3 ||    20
       Ration            |       |     1 |     3 ||     4
Armor: Animal skin       |    36 |    26 |    49 ||   111
Dodge: Dodged            |    70 |    51 |    77 ||   198
       Rpst.: Long sword |       |       |    10 ||    10
